 Dungeon Crawl Stone Soup version 0.25-a0-566-g062765be81 (webtiles) character file.

Game seed: 18398131317248866727, levelgen mode: deterministic

42095 Flugslaktarn the Severer (level 13, -4/123 HPs)
             Began as a Deep Dwarf Fighter on Feb 27, 2020.
             Was the Champion of Makhleb.
             Slain by a tengu reaver
             ... wielding a +3 great sword of flaming
              (22 damage)
             ... on level 14 of the Dungeon.
             The game lasted 00:08:38 (9262 turns).

Flugslaktarn the Severer (Deep Dwarf Fighter)       Turns: 9262, Time: 00:08:38

Health: -4/123     AC: 23    Str: 28 (29) XL:     13   Next: 83%
Magic:  12/12      EV:  7    Int: 10      God:    Makhleb [******]
Gold:   673        SH: 13    Dex: 11 (12) Spells: 12/12 levels left

rFire    . . .     SeeInvis .   x - +2 hand axe (flame)
rCold    + + .     Gourm    .   c - +0 kite shield
rNeg     + . .     Faith    +   E - +2 plate armour {rC+}
rPois    +         Spirit   .   j - +0 helmet of Xeargh {+Fly rC+ rN+}
rElec    .         Reflect  .   (no cloak)
rCorr    +         Harm     .   F - +0 pair of gloves
MR       +....     Clarity  +   l - +2 pair of boots
Stlth    ..........             g - amulet of faith
HPRegen  0.00/turn              d - ring of Wahagh {rCorr Str+3}
MPRegen  0.13/turn              o - ring of poison resistance

@: about to teleport, non-regenerating
A: damage resistance, heal wounds, hooves 1, clarity, clever 1, deterioration 1,
sense surroundings 2, no regeneration
a: Heal Wounds, Minor Destruction, Lesser Servant of Makhleb, Major Destruction,
Greater Servant of Makhleb, Renounce Religion, Evoke Flight


You were on level 14 of the Dungeon.
You worshipped Makhleb.
Makhleb was exalted by your worship.
You were not hungry.

You visited 2 branches of the dungeon, and saw 16 of its levels.
You also visited: Ice Cave.

You collected 823 gold pieces.
You spent 150 gold pieces at shops.

Inventory:

Hand Weapons
 a - a +0 war axe
 x - a +2 hand axe of flaming (weapon)
   (You took it off an orc on level 10 of the Dungeon)
 B - a +2 battleaxe of freezing
   (You took it off a frost giant in an ice cave)
Armour
 c - a +0 kite shield (worn)
 j - the +0 helmet of Xeargh (worn) {+Fly rC+ rN+}
   (You found it on level 4 of the Dungeon)

   It protects you from cold.
   It protects you from negative energy.
   It lets you fly.
   If you remove this armour, your AC will decrease by 1 (23 -> 22).
 l - a +2 pair of boots (worn)
   (You found it on level 3 of the Dungeon)
 D - a +2 helmet
   (You found it on level 13 of the Dungeon)
 E - a +2 plate armour of cold resistance (worn)
   (You found it in an ice cave)
 F - a +0 pair of gloves (worn)
   (You found it on level 13 of the Dungeon)
Jewellery
 d - the ring of Wahagh (left hand) {rCorr Str+3}
   (You found it on level 8 of the Dungeon)

   [ring of resist corrosion]

   It affects your strength (+3).
   It provides partial protection from all sources of acid and corrosion.
 g - an amulet of faith (around neck)
   (You found it on level 2 of the Dungeon)
 o - a ring of poison resistance (right hand)
   (You found it on level 13 of the Dungeon)
 G - an uncursed ring of flight
   (You found it on level 10 of the Dungeon)
Wands
 f - a wand of acid (10)
   (You found it on level 8 of the Dungeon)
 s - a wand of paralysis (6)
   (You found it on level 9 of the Dungeon)
 v - a wand of digging (10)
   (You found it in an ice cave)
 C - a wand of clouds (6)
   (You found it on level 11 of the Dungeon)
 I - a wand of iceblast (5)
   (You took it off a centaur on level 13 of the Dungeon)
Scrolls
 b - 2 scrolls of vulnerability
 k - 7 scrolls of remove curse
 m - 2 scrolls of fog
 r - 2 scrolls of identify
 t - 5 scrolls of teleportation
 y - 2 scrolls of immolation
 A - a scroll of holy word {unknown}
Potions
 h - 2 potions of haste
 i - 3 potions of brilliance
 n - a potion of resistance
 p - a potion of flight {unknown}
 q - 6 potions of curing
 w - a potion of heal wounds
 z - a potion of cancellation {unknown}
 H - 2 potions of invisibility {unknown}
Comestibles
 e - 15 rations
 u - 18 chunks of flesh


   Skills:
 + Level 9.8 Fighting
 * Level 15.0 Axes
 + Level 11.3 Armour
 + Level 11.4 Shields
 + Level 12.2 Invocations


You had 12 spell levels left.
You didn't know any spells.
Your spell library was empty.

Dungeon Overview and Level Annotations

Branches:
Dungeon (15/15)            Temple (1/1) D:5            Lair (0/6) D:8
  IceCv (visited)
    Orc: D:9-12      Vaults: D:13-14     Depths: D:15

Altars:
Ashenzari
Cheibriados
Dithmenos
Elyvilon
Gozag
Hepliaklqana
Kikubaaqudgha
Makhleb
Nemelex Xobeh
Okawaru
Qazlal
Ru
Uskayaw
Vehumet
Wu Jian
Xom
Yredelemnul
Zin
The Shining One

Shops:
D:10 *   D:12 !

Annotations:
D:8 1 runed translucent door


Innate Abilities, Weirdness & Mutations

You are resistant to damage.
You can heal yourself by infusing magical energy.
You passively map the area around you.
You do not regenerate.
You have large cloven feet.
You possess an exceptional clarity of mind.
Your mind is acute. (Int +2)
Your body sometimes deteriorates upon taking damage.


Message History

The tengu reaver claws you but does no damage.
The sphinx mumbles some strange words.
Something smites you!
Your magical essence is drained by the effort!
You feel much better.
The frost giant hits you with a +0 battleaxe of freezing.
The sphinx completely misses you. You block the sphinx's attack. x2
The tengu reaver points at you and mumbles some strange words.
The bolt of lightning hits you!!
* * * LOW HITPOINT WARNING * * *
The battlesphere fires!
The barrage of energy hits you!
* * * LOW HITPOINT WARNING * * *
As you read the scroll of teleportation, it crumbles to dust.
You feel strangely unstable.
The frost giant hits you but does no damage.
The sphinx barely misses you. The sphinx hits you.
* * * LOW HITPOINT WARNING * * *
The sphinx hits you but does no damage.
The tengu reaver hits you with a +3 great sword of flaming!!
You die...

#...# #≈≈≈≈..(.......^.......#
#...#####≈≈≈≈...........#########
#...#..).≈≈≈≈.''........'........
#...'..).≈≈≈≈.##........###......
#(..#...#≈≈≈.###....>...# #......
#########≈≈..# #........# #......
###....# #........# #...... * ,
......*###...*....# #...... *
,........##@.......#*####### ,
,,.#####...HQC....... * ,
##........J........ *
*......####........ ,*
**.........##.......
..###.....#....... ,* *
..#...##..#.......,
..#.)..#..#.......,,
*,.....[......#....


You could see a frost giant, a sphinx, a tengu reaver, an enormous slime
creature and a battlesphere.

Vanquished Creatures
  A frost giant (IceCv)
  Nessos (D:14)
  An ogre mage (D:14)
  3 vault guards (D:14)
  5 two-headed ogres
  A death yak (IceCv)
  2 unseen horrors
  Pikel (D:6)
  2 ugly things (D:14)
  An orc sorcerer (D:14)
  4 cyclopes
  2 manticores
  3 gargoyles
  An ice statue (IceCv)
  A guardian mummy (D:15)
  4 trolls
  A tengu conjurer (D:14)
  A hornet (D:9)
  16 polar bears (IceCv)
  4 hippogriffs
  13 slime creatures
  2 centaur simulacra
  A spriggan (shapeshifter) (D:8)
  2 water elementals (D:14)
  2 humans
  4 hogs (D:8)
  A wraith (D:12)
  45 yaks
  4 hungry ghosts
  2 vampire mosquitoes (D:13)
  An acid dragon (D:13)
  Duvessa (D:6)
  4 ice beasts
  2 water moccasins
  3 black bears
  3 sky beasts
  4 slaves (D:6)
  A necrophage (D:13)
  An eye of draining (D:9)
  8 orc warriors
  4 phantoms
  An ogre (shapeshifter) (D:13)
  7 ogres
  15 wolves (IceCv)
  12 centaurs
  A crocodile (D:10)
  3 big kobolds
  7 bullfrogs
  A wyvern skeleton (D:13)
  A water moccasin zombie (D:8)
  3 scorpions
  Dowan (D:6)
  20 killer bees
  6 wights
  A howler monkey (D:4)
  3 centaur zombies
  5 hounds
  4 crimson imps
  A bullfrog skeleton (D:7)
  4 jellies
  8 orc priests
  4 centaur skeletons
  10 orc wizards
  An iguana (D:6)
  8 worker ants
  A killer bee zombie (D:7)
  2 hound skeletons
  A worker ant zombie (D:10)
  10 gnolls
  16 adders
  4 shadow imps
  12 white imps (D:13)
  4 adder skeletons
  2 adder zombies
  2 worms
  4 leopard geckos
  46 orcs
  2 giant cockroaches
  2 goblins (D:3)
  A hobgoblin (D:3)
  20 jackals
  4 quokkas
  A ball python (D:6)
  3 bats
  A frilled lizard (D:3)
  24 kobolds
  A quokka skeleton (D:6)
  2 rats (D:3)
  A plant (D:6)
456 creatures vanquished.

Vanquished Creatures (others)
  An unseen horror (D:14)
  An ugly thing (D:14)
  A hippogriff (D:14)
  A wolf (IceCv)
  A plant (D:6)
5 creatures vanquished.

Grand Total: 461 creatures vanquished

Notes
Turn   | Place    | Note
-------+----------+-------------------------------------------
     0 | D:1      | Flugslaktarn the Deep Dwarf Fighter began the quest for the
                  | Orb.
     0 | D:1      | Reached XP level 1. HP: 20/20 MP: 1/1
   104 | D:3      | Reached XP level 2. HP: 20/27 MP: 2/2
   199 | D:3      | You fall into a shaft and drop 2 floors!
   199 | D:5      | Entered Level 5 of the Dungeon
   215 | D:5      | Reached skill level 3 in Axes
   215 | D:5      | Reached XP level 3. HP: 22/34 MP: 3/3
   223 | D:5      | Noticed a black bear
   228 | D:5      | Reached XP level 4. HP: 33/42 MP: 3/3
   237 | D:5      | Killed a black bear
   237 | D:5      | Reached skill level 4 in Axes
   237 | D:5      | Reached XP level 5. HP: 38/49 MP: 4/4
   303 | D:5      | Reached XP level 6. HP: 52/56 MP: 5/5
   317 | D:5      | Found a staircase to the Ecumenical Temple.
   341 | Temple   | Entered the Ecumenical Temple
   372 | Temple   | Became a worshipper of Makhleb the Destroyer
   480 | D:4      | Reached skill level 5 in Axes
   480 | D:4      | Reached skill level 1 in Invocations
   527 | D:4      | Got a translucent helmet
   533 | D:4      | Identified the +0 helmet of Xeargh {+Fly rC+ rN+} (You
                  | found it on level 4 of the Dungeon)
   588 | D:4      | Reached XP level 7. HP: 51/64 MP: 6/6
   629 | D:3      | Reached * piety under Makhleb
   658 | D:3      | Reached skill level 5 in Shields
   680 | D:3      | Reached skill level 5 in Armour
   863 | D:4      | Reached skill level 6 in Axes
   991 | D:5      | Found a shimmering altar of Xom.
  1197 | D:5      | Got a slimy buckler
  1208 | D:5      | Identified the +0 buckler of Neapyen {rElec rN+ MR- rCorr}
                  | (You found it on level 5 of the Dungeon)
  1329 | D:6      | Reached XP level 8. HP: 39/73 MP: 6/6
  1482 | D:6      | Noticed Duvessa
  1482 | D:6      | Noticed Dowan
  1495 | D:6      | Killed Dowan
  1499 | D:6      | Killed Duvessa
  1521 | D:6      | Reached ** piety under Makhleb
  1534 | D:6      | Reached skill level 7 in Axes
  1631 | D:6      | Identified the +1 robe of Midwinter {rPois rN+++ MR+
                  | Stlth-}
  1652 | D:6      | Reached skill level 5 in Fighting
  1895 | D:6      | Noticed Pikel
  1947 | D:6      | Killed Pikel
  1947 | D:6      | Reached skill level 8 in Axes
  1947 | D:6      | Reached skill level 5 in Invocations
  1947 | D:6      | Gained mutation: You passively map the area around you.
                  | [Deep Dwarf growth]
  1947 | D:6      | Reached XP level 9. HP: 58/81 MP: 8/8
  1996 | D:6      | Reached *** piety under Makhleb
  2915 | D:7      | Reached skill level 9 in Axes
  3054 | D:7      | Gained mutation: You possess an exceptional clarity of
                  | mind. [potion of mutation]
  3054 | D:7      | Gained mutation: Your body sometimes deteriorates upon
                  | taking damage. [potion of mutation]
  3054 | D:7      | Gained mutation: Your mind is acute. (Int +2) [potion of
                  | mutation]
  3054 | D:7      | Gained mutation: You have large cloven feet. [potion of
                  | mutation]
  3159 | D:7      | Noticed a seven-headed hydra
  3201 | D:8      | Found a staircase to the Lair.
  3237 | D:8      | Reached **** piety under Makhleb
  3306 | D:8      | Reached XP level 10. HP: 56/91 MP: 10/10
  3322 | D:8      | Found a runed translucent door.
  3338 | D:8      | Noticed a gargoyle
  3341 | D:8      | Noticed a cyclops
  3366 | D:8      | Killed a gargoyle
  3401 | D:8      | Killed a cyclops
  3401 | D:8      | Reached skill level 10 in Axes
  3425 | D:8      | Got a vibrating jade ring
  3581 | D:8      | Identified the ring of Wahagh {rCorr Str+3} (You found it
                  | on level 8 of the Dungeon)
  4117 | D:9      | Reached ***** piety under Makhleb
  4198 | D:9      | Noticed a two-headed ogre
  4208 | D:9      | Killed a two-headed ogre
  4208 | D:9      | Reached skill level 11 in Axes
  4244 | D:9      | Reached XP level 11. HP: 100/100 MP: 11/11
  4402 | D:9      | Found a snail-covered altar of Cheibriados.
  4563 | D:9      | Noticed a two-headed ogre
  4576 | D:9      | Killed a two-headed ogre
  4804 | D:10     | Entered Level 10 of the Dungeon
  4862 | D:10     | Found Leas's General Store.
  4880 | D:10     | Bought a potion of resistance for 150 gold pieces
  4950 | D:10     | Noticed a two-headed ogre
  4964 | D:10     | Killed a two-headed ogre
  5028 | D:10     | Killed an unseen horror
  5152 | D:10     | Reached skill level 12 in Axes
  5270 | D:10     | Found a shadowy altar of Dithmenos.
  5640 | D:11     | Killed an unseen horror
  5913 | D:11     | Noticed a two-headed ogre
  5922 | D:11     | Killed a two-headed ogre
  5992 | D:11     | Found a shadowy altar of Dithmenos.
  6054 | D:11     | Reached XP level 12. HP: 101/110 MP: 12/12
  6116 | D:11     | Reached ****** piety under Makhleb
  6127 | D:11     | Reached skill level 10 in Invocations
  6996 | D:12     | You fall into a shaft and drop 3 floors!
  6996 | D:15     | Entered Level 15 of the Dungeon
  7007 | D:15     | Reached skill level 13 in Axes
  7148 | D:14     | Noticed Nessos
  7174 | D:14     | Killed Nessos
  7174 | D:14     | Reached skill level 10 in Armour
  7174 | D:14     | Reached skill level 10 in Shields
  7395 | D:13     | Found a frozen archway.
  7439 | IceCv    | Entered an ice cave
  7686 | IceCv    | Reached XP level 13. HP: 95/121 MP: 13/13
  7747 | IceCv    | Reached skill level 14 in Axes
  7956 | IceCv    | Noticed a frost giant
  7982 | IceCv    | Killed a frost giant
  8485 | D:12     | Found Reynnui's Distillery.
  9134 | D:14     | Reached skill level 15 in Axes
  9223 | D:14     | Noticed a tengu reaver
  9224 | D:14     | Noticed a sphinx
  9224 | D:14     | Noticed a frost giant
  9262 | D:14     | Slain by a tengu reaver

Levels and vault maps discovered:
D:1:      dpeg_arrival_signposts, layout_basic
D:2:      layout_basic, chequers_ecumenical_altar_simple, st_stairs_11,
          minmay_misc_feat_more_columns, kennysheep_flooded_box
D:3:      lemuel_upstairs_altar, layout_basic, first_ration, fedhas_altar_4
D:4:      layout_gridville, hangedman_decor_riveting,
          minmay_fractal_squares_gapless_5
D:5:      layout_cave_pools, minmay_temple_entry_wispy, basic_altar
D:6:      kennysheep_kobold_camp, layout_basic, lightli_corner_chamber,
          uniq_pikel, uniq_duvessa
D:7:      minmay_cornered_nines, layout_basic, minmay_alternating_orb
D:8:      minmay_the_grid_triangle_9x9_rhombus_thin
          [minmay_the_grid_triangle_9x9_subtriangle,
          minmay_the_grid_triangle_9x9_prize_center,
          minmay_the_grid_triangle_9x9_steps,
          minmay_the_grid_triangle_9x9_wacky_v], layout_rooms, grunt_livestock
D:9:      layout_roguey, lemuel_crystal_altar
D:10:     layout_roguey, serial_shops, kennysheep_mini_moat, basic_altar
D:11:     layout_layer_cave, basic_altar, grunt_ministairs_14
D:12:     layout_rooms, erik_orc_1, serial_shops, shop, patterned_corridor
D:13:     layout_irregular_city, portal_ice_cave_entry_imps, minivault_16,
          minivault_24, hangedman_abyss_or_decor_jellyfish_corner
D:14:     layout_basic, grunt_vaults_entry_fortified,
          infiniplex_staircase_door_maze, minmay_radiant, uniq_nessos
D:15:     gammafunk_depths_entry_grave, layout_basic,
          nicolae_ru_sacrificial_ziggurat, minivault_16, roderic_serpentine_path
Temple:   nicolae_temple_the_god_donut

Skill      XL: |  1  2  3  4  5  6  7  8  9 10 11 12 13 |
---------------+----------------------------------------+-----
Fighting       | 3 4 5 6 7 8 9 |  9.8
Axes           | 3 4 5 6 8 9 11 12 13 15 | 15.0
Armour         | 4 5 6 7 8 9 10 11 | 11.3
Shields        | 4 5 6 7 8 9 10 11 | 11.4
Invocations    | 2 3 5 6 8 9 11 12 | 12.2

Action                   |  1- 3 |  4- 6 |  7- 9 | 10-12 | 13-15 || total
-------------------------+-------+-------+-------+-------+-------++-------
Melee: War axe           |    33 |    94 |   549 |   484 |       ||  1160
       Hand axe          |       |       |       |   658 |   472 ||  1130
 Abil: Heal Wounds       |     1 |     6 |    10 |    16 |     5 ||    38
Evoke: Wand              |       |       |       |     3 |       ||     3
  Use: Scroll            |       |       |    13 |     5 |     1 ||    19
       Potion            |       |       |     3 |     2 |       ||     5
 Stab: Paralysed         |       |       |       |     9 |       ||     9
       Confused          |       |       |       |     1 |       ||     1
  Eat: Chunk             |       |       |     6 |    22 |     7 ||    35
       Ration            |       |       |     4 |       |       ||     4
Armor: Scale mail        |    29 |    58 |    29 |       |       ||   116
       Plate armour      |       |       |   300 |   608 |   237 ||  1145
       Skin              |       |       |       |     4 |       ||     4
Dodge: Dodged            |    14 |    44 |   129 |   209 |    76 ||   472
Block: Kite shield       |    28 |    88 |   389 |   591 |   251 ||  1347

Table legend:
 A = Non-vault XP
 B = Vault XP
 C = Vault XP percentage of total XP
 D = Non-vault monster count
 E = Vault monster count
 F = Vault count percentage of total count
                 A         B        C        D         E       F
            +---------+---------+-------+---------+---------+-------
      Total |   34692 |   25445 |  42.3 |     321 |     133 |  29.3
            +---------+---------+-------+---------+---------+-------
        D:1 |       1 |       0 |   0.0 |       1 |       0 |   0.0
        D:2 |       2 |       0 |   0.0 |       1 |       0 |   0.0
        D:3 |     196 |       0 |   0.0 |      25 |       0 |   0.0
        D:4 |     627 |       0 |   0.0 |      17 |       0 |   0.0
        D:5 |     480 |       0 |   0.0 |      18 |       0 |   0.0
        D:6 |    1028 |     985 |  48.9 |      34 |      24 |  41.4
        D:7 |    1111 |     622 |  35.9 |      17 |      13 |  43.3
        D:8 |    1429 |    3150 |  68.8 |      28 |      19 |  40.4
        D:9 |    4054 |       0 |   0.0 |      28 |       0 |   0.0
       D:10 |    4210 |       0 |   0.0 |      28 |       0 |   0.0
       D:11 |    6869 |     865 |  11.2 |      52 |       2 |   3.7
       D:12 |     259 |       0 |   0.0 |       3 |       0 |   0.0
       D:13 |    8373 |     121 |   1.4 |      47 |      12 |  20.3
       D:14 |    5061 |    6405 |  55.9 |      18 |       9 |  33.3
       D:15 |     992 |     322 |  24.5 |       4 |       1 |  20.0
      IceCv |       0 |   12975 | 100.0 |       0 |      53 | 100.0
            +---------+---------+-------+---------+---------+-------
